 Dungeon Crawl Stone Soup version 0.29.1-1-gd02db6906a (webtiles) character file.

Game seed: 7192466678446110824

2 quakins the Ducker (level 1, -2/10 HPs)
             Began as a Felid Berserker on Sept 30, 2022.
             Was a Follower of Trog.
             Slain by a hobgoblin (4 damage)
             ... on level 2 of the Dungeon.
             The game lasted 00:01:01 (170 turns).

quakins the Ducker (Felid Berserker)                 Turns: 170, Time: 00:01:01

Health: -2/10      AC:  1    Str: 13    XL:     1   Next: 33%
Magic:  2/2        EV: 18    Int:  8    God:    Trog [*.....]
Gold:   30         SH:  0    Dex: 15    Spells: 0/0 levels left
                                        Lives:  0   Deaths: 0

rFire   . . .      SeeInvis +     - Unarmed
rCold   . . .      Faith    .   (shield unavailable)
rNeg    . . .      Spirit   .   (body armour unavailable)
rPois   .          Reflect  .   (helmet unavailable)
rElec   .          Harm     .   (cloak unavailable)
rCorr   .          Rampage  .   (gloves unavailable)
Will    .....                   (boots unavailable)
Stlth   +.........              (no amulet)
HPRegen 0.03/turn               (no ring)
MPRegen 0.08/turn               (no ring)

@: quick
A: very small, claws 1, fangs 3, see invisible, speed 1, shaggy fur 1, stealthy
paws, no weapons or thrown items, no armour, multi-lived
a: Renounce Religion, Berserk


You were on level 2 of the Dungeon.
You worshipped Trog.
Trog was aware of your devotion.
You visited 1 branch of the dungeon, and saw 2 of its levels.

You collected 30 gold pieces.

Inventory:

Scrolls
 a - a scroll of identify {unknown}
Potions
 b - a potion of curing {unknown}
 c - a potion of berserk rage {unknown}


   Skills:
 + Level 3.0 Fighting
 + Level 4.1 Dodging
 + Level 3.0 Unarmed Combat


You couldn't memorise any spells.
You didn't know any spells.
Your spell library was empty.

Dungeon Overview and Level Annotations

Branches:
Dungeon (2/15)

Altars:


Innate Abilities, Weirdness & Mutations

You have sharp claws.
You have razor-sharp teeth.
You have supernaturally acute eyesight. (SInv)
You cover ground quickly. (Speed+)
You are covered in fur. (AC +1)
Your paws help you pounce on unaware monsters.
You are incapable of wielding weapons or throwing items.
You cannot wear armour.
You gain extra lives every three experience levels.


Message History

The hobgoblin completely misses you.
You scratch the kobold but do no damage.
The kobold hits you with a +0 club.
Ouch! That really hurt!
The rat misses you. The hobgoblin barely misses you.
You scratch the kobold but do no damage.
The kobold misses you. The rat misses you. The hobgoblin misses you.
You barely miss the kobold. The quokka misses you.
The quokka closely misses you. The rat misses you.
The kobold closely misses you. The hobgoblin misses you.
You are too injured to fight recklessly!
You are too injured to fight recklessly!
You are too injured to fight recklessly!
You barely miss the hobgoblin. The quokka misses you.
The kobold closely misses you. The rat bites you but does no damage.
The hobgoblin misses you.
You closely miss the hobgoblin. The quokka misses you.
The hobgoblin barely misses you.
You scratch the rat.
You kill the rat!
Trog accepts your kill. The hobgoblin closely misses you.
The kobold misses you.
You closely miss the quokka. Your bite misses the quokka.
The hobgoblin closely misses you. The kobold barely misses you.
The quokka barely misses you.
You barely miss the quokka. Your bite misses the quokka.
The quokka closely misses you. The kobold barely misses you.
The hobgoblin hits you.
* * * LOW HITPOINT WARNING * * *
You closely miss the quokka. The quokka completely misses you.
The kobold completely misses you. The hobgoblin misses you.
The quokka twitches its whiskers.
You scratch the quokka but do no damage.
You bite the quokka, but do no damage. The quokka misses you.
The kobold misses you. The hobgoblin closely misses you.
You barely miss the quokka. You claw the quokka.
You kill the quokka!
Trog accepts your kill. The kobold misses you. The hobgoblin hits you.
You die...

#.# #.# ##+## #.# ##...##
#.# ### ##.....## ### #.#
....#.......## ##.###.#
#......K...####...##.####
#.....†@..'.............
#.....g...####...#...###
#.........## ##.#.....#
.....##....## ##......#
#...# ##..## #......#
##.. #.## #.#...## ## #.$
#.##.## ... ...#.# .. #


You could see a hobgoblin and a kobold.

Vanquished Creatures
  A bat (D:2)
  A quokka (D:2)
  2 rats (D:2)
4 creatures vanquished.

Notes
Turn   | Place    | Note
-------+----------+-------------------------------------------
     0 | D:1      | quakins the Felid Berserker began the quest for the Orb.
     0 | D:1      | Reached XP level 1. HP: 10/10 MP: 2/2
   170 | D:2      | Slain by a hobgoblin

Illustrated notes

Levels and vault maps discovered:
D:1:      dpeg_arrival_arbitrary_c, layout_loops_cross
D:2:      layout_loops_corners, shapermc_ecumenical_altar_mp_ritualfount,
          basic_altar, minmay_bisected, uniq_crazy_yiuf_cottage

Action                   || total
-------------------------++-------
Melee: Unarmed           ||    14
       Punch             ||     1
       Bite              ||     1
Armor: Skin              ||     1
Dodge: Dodged            ||    39
